NYP
BOISE HAWKS @ HILLSBORO HOPS
09/04/2049
 
TOP OF THE 1ST
Boise Hawks batting - Pitching for Hillsboro Hops : RHP Jose Rodas
Pitching: RHP Jose Rodas
Batting: SHB Clayton Saunders 0-0: Foul Ball, location: 2F
0-1: Foul Ball, location: 2F
0-2: Foul Ball, location: 2F
0-2: Hit by Pitch
Batting: SHB Justin Jackson 0-0: Ball
Clayton Saunders steals 2nd base
1-0: Called Strike
Clayton Saunders steals 3rd base
1-1: Ball
2-1: Ball
3-1: Base on Balls
Batting: LHB Jason Ryan 0-0: Fly out, F9 (Line Drive, 9LM, EV 106.9 MPH)
Runner from 3rd tags up, SCORES, no throw by RF
Batting: RHB Justin Garrett 0-0: Ball
1-0: Ball
2-0: Ball
3-0: Base on Balls
Justin Jackson to second
Batting: RHB Manny Thompson 0-0: Foul Ball, location: 2F
0-1: Ball
1-1: Swinging Strike
1-2: Ball
2-2: Ball
3-2: Fly out, F8 (Flyball, 8RXD, EV 106.9 MPH)
Runner from 2nd tags up, SAFE at 3rd, no throw by CF
Batting: RHB Kevin McKasson 0-0: Ball
1-0: Foul Ball, location: 2F
1-1: Foul Ball, location: 2F
1-2: Strikes out looking
Top of the 1st over - 1 run, 0 hits, 0 errors, 2 left on base; Boise 1 - Hillsboro 0
BOTTOM OF THE 1ST
Hillsboro Hops batting - Pitching for Boise Hawks : RHP Curt De Kock
Pitching: RHP Curt De Kock
Batting: RHB Dale Young 0-0: Ball
1-0: Ball
2-0: SINGLE (Groundball, 5S, EV 61.9 MPH) (infield hit)
Batting: RHB Paul Healy 0-0: Called Strike
0-1: Ball
Dale Young steals 2nd base
1-1: Called Strike
1-2: Ball
2-2: Foul Ball, location: 2F
2-2: Ball
3-2: Ground out 1-3 (Groundball, 13S, EV 67.5 MPH)
Dale Young to third
Batting: RHB Nikita Schram 0-0: Called Strike
0-1: Swinging Strike
0-2: Ball
1-2: Ball
2-2: Foul Ball, location: 2F
2-2: Ball
3-2: Foul Ball, location: 2F
3-2: Foul Ball, location: 2F
3-2: Ground out 4-3 (Groundball, 4, EV 83.8 MPH)
Dale Young scores
Batting: SHB Johnny Diaz 0-0: Foul Ball, location: 2F
0-1: SINGLE (Line Drive, 78M, EV 102.5 MPH)
Batting: RHB T.J. Jordan 0-0: Ball
1-0: Ball
Johnny Diaz steals 2nd base (no throw)
2-0: Foul Ball, location: 2F
2-1: Ball
3-1: Foul Ball, location: 2F
3-2: 2-RUN HOME RUN (Flyball, 7D, EV 98.8 MPH), Distance : 414 ft
Batting: RHB Jonathan Underhill 0-0: Called Strike
0-1: Foul Ball, location: 2F
0-2: Foul Ball, location: 2F
0-2: Foul Ball, location: 2F
0-2: Ground out 2-3 (Groundball, 13S, EV 66.9 MPH)
Bottom of the 1st over - 3 runs, 3 hits, 0 errors, 0 left on base; Boise 1 - Hillsboro 3
TOP OF THE 2ND
Boise Hawks batting - Pitching for Hillsboro Hops : RHP Jose Rodas
Batting: RHB Carlos de Jesus 0-0: Ball
1-0: Ball
2-0: Called Strike
2-1: Foul Ball, location: 2F
2-2: Foul Ball, location: 2F
2-2: Ball
3-2: Foul Ball, location: 2F
3-2: Base on Balls
Batting: RHB Yamashita Yagi 0-0: Ball
1-0: Ball
2-0: Ball
3-0: Base on Balls
Carlos de Jesus to second
Batting: RHB Bob Hayes 0-0: Fly out, F7 (Flyball, 7, EV 91.9 MPH)
Batting: SHB Clayton Saunders 0-0: Called Strike
0-1: Ball
1-1: Fielders Choice at 2nd, 3-6 (Groundball, 34, EV 90.6 MPH)
Carlos de Jesus to third
Batting: SHB Justin Jackson 0-0: Ball
Clayton Saunders steals 2nd base (no throw)
1-0: Foul Ball, location: 2F
1-1: Foul Ball, location: 2F
1-2: Foul Ball, location: 2F
1-2: Strikes out swinging
Top of the 2nd over - 0 runs, 0 hits, 0 errors, 2 left on base; Boise 1 - Hillsboro 3
BOTTOM OF THE 2ND
Hillsboro Hops batting - Pitching for Boise Hawks : RHP Curt De Kock
Batting: RHB Devon Fourcade 0-0: Ball
1-0: Ball
2-0: Called Strike
2-1: Foul Ball, location: 2F
2-2: Ball
3-2: Strikes out looking
Batting: RHB Joe Stading 0-0: Foul Ball, location: 2F
0-1: Ball
1-1: Swinging Strike
1-2: Ball
2-2: Ball
3-2: Strikes out looking
Batting: LHB Josh Kirk 0-0: Ball
1-0: Called Strike
1-1: Ball
2-1: Ball
3-1: Base on Balls
Batting: RHB Dale Young 0-0: Swinging Strike
0-1: Ball
1-1: Ball
2-1: Called Strike
2-2: Ball
3-2: Ground out 5-3 (Groundball, 56, EV 106.9 MPH)
Bottom of the 2nd over - 0 runs, 0 hits, 0 errors, 1 left on base; Boise 1 - Hillsboro 3
TOP OF THE 3RD
Boise Hawks batting - Pitching for Hillsboro Hops : RHP Jose Rodas
Batting: LHB Jason Ryan 0-0: Swinging Strike
0-1: Foul Ball, location: 2F
0-2: Ball
1-2: Strikes out swinging
Batting: RHB Justin Garrett 0-0: Ball
1-0: Fly out, F2 (Popup, 2RF, EV 86.9 MPH)
Batting: RHB Manny Thompson 0-0: Fly out, F9 (Flyball, 9S, EV 76.9 MPH)
Top of the 3rd over - 0 runs, 0 hits, 0 errors, 0 left on base; Boise 1 - Hillsboro 3
BOTTOM OF THE 3RD
Hillsboro Hops batting - Pitching for Boise Hawks : RHP Curt De Kock
Batting: RHB Paul Healy 0-0: Swinging Strike
0-1: Called Strike
0-2: Foul Ball, location: 2F
0-2: Foul Ball, location: 2F
0-2: Ball
1-2: Foul Ball, location: 2F
1-2: DOUBLE (Line Drive, 78D, EV 105.6 MPH)
Pinch Runner at 2nd Tomohiro Yokoyama:
Batting: RHB Nikita Schram 0-0: Foul Ball, location: 2F
0-1: Ball
1-1: Ball
2-1: Ball
3-1: Swinging Strike
3-2: Base on Balls
Batting: SHB Johnny Diaz 0-0: Ball
1-0: Ball
2-0: Called Strike
2-1: Called Strike
2-2: Ball
3-2: Fly out, F5 (Popup, 5, EV 67.5 MPH)
Batting: RHB T.J. Jordan 0-0: Ball
1-0: Ball
2-0: Called Strike
2-1: Foul Ball, location: 2F
2-2: Ball
3-2: Base on Balls
Tomohiro Yokoyama to third
Nikita Schram to second
Batting: RHB Jonathan Underhill 0-0: Called Strike
0-1: Foul Ball, location: 2F
0-2: Grounds into double play, 6-4-3 (Groundball, 6, EV 108.8 MPH)
Bottom of the 3rd over - 0 runs, 1 hit, 0 errors, 2 left on base; Boise 1 - Hillsboro 3
TOP OF THE 4TH
Boise Hawks batting - Pitching for Hillsboro Hops : RHP Jose Rodas
Now in LF: Erik Beezley
Batting: RHB Kevin McKasson 0-0: Foul Ball, location: 2F
0-1: Ball
1-1: Ball
2-1: Swinging Strike
2-2: Ball
3-2: Strikes out looking
Batting: RHB Carlos de Jesus 0-0: Ball
1-0: Ball
2-0: Called Strike
2-1: Called Strike
2-2: Foul Ball, location: 2F
2-2: Ground out 1-3 (Groundball, 13S, EV 65.0 MPH)
Batting: RHB Yamashita Yagi 0-0: Called Strike
0-1: Ball
1-1: Swinging Strike
1-2: Strikes out swinging
Top of the 4th over - 0 runs, 0 hits, 0 errors, 0 left on base; Boise 1 - Hillsboro 3
BOTTOM OF THE 4TH
Hillsboro Hops batting - Pitching for Boise Hawks : RHP Curt De Kock
Batting: RHB Devon Fourcade 0-0: Called Strike
0-1: Reached via error on a dropped throw from 1B, E1 (Groundball, 34, EV 86.9 MPH)
Batting: RHB Joe Stading 0-0: Ball
1-0: Foul Ball, location: 2F
1-1: Called Strike
1-2: Ball
2-2: Foul Ball, location: 2F
2-2: Ball
3-2: Strikes out swinging
Batting: LHB Josh Kirk 0-0: Grounds into double play, 4-6-3 (Groundball, 4, EV 103.8 MPH)
Bottom of the 4th over - 0 runs, 0 hits, 1 error, 0 left on base; Boise 1 - Hillsboro 3
TOP OF THE 5TH
Boise Hawks batting - Pitching for Hillsboro Hops : RHP Jose Rodas
Batting: RHB Bob Hayes 0-0: Ball
1-0: Ball
2-0: Ball
3-0: Base on Balls
Batting: SHB Clayton Saunders 0-0: Ball
Bob Hayes is caught stealing 2nd base 2-6
1-0: Called Strike
1-1: Called Strike
1-2: TRIPLE (Line Drive, 9D, EV 105.0 MPH)
Batting: SHB Justin Jackson 0-0: Swinging Strike
0-1: Called Strike
0-2: Ball
1-2: Strikes out looking
Batting: LHB Jason Ryan 0-0: Ball
1-0: Ball
2-0: Foul Ball, location: 2F
2-1: Swinging Strike
2-2: Foul Ball, location: 2F
2-2: Strikes out swinging
Top of the 5th over - 0 runs, 1 hit, 0 errors, 1 left on base; Boise 1 - Hillsboro 3
BOTTOM OF THE 5TH
Hillsboro Hops batting - Pitching for Boise Hawks : RHP Curt De Kock
Batting: RHB Dale Young 0-0: Called Strike
0-1: Foul Ball, location: 2F
0-2: Ball
1-2: Strikes out swinging
Pitching: LHP Josh Alvarez
Batting: LHB Erik Beezley 0-0: Ball
1-0: Called Strike
1-1: Swinging Strike
1-2: Foul Ball, location: 2F
1-2: Ball
2-2: DOUBLE (Flyball, 78D, EV 103.1 MPH)
Batting: RHB Nikita Schram 0-0: Ball
1-0: Ball
Erik Beezley is caught stealing 3rd base 2-5
2-0: Ball
3-0: Called Strike
3-1: Foul Ball, location: 2F
3-2: Base on Balls
Batting: SHB Johnny Diaz 0-0: Called Strike
Nikita Schram is caught stealing 2nd base 2-4
Bottom of the 5th over - 0 runs, 1 hit, 0 errors, 0 left on base; Boise 1 - Hillsboro 3
TOP OF THE 6TH
Boise Hawks batting - Pitching for Hillsboro Hops : RHP Jose Rodas
Batting: RHB Justin Garrett 0-0: Called Strike
0-1: Called Strike
0-2: Foul Ball, location: 2F
0-2: Strikes out swinging
Batting: RHB Manny Thompson 0-0: Ball
1-0: Ground out 4-3 (Groundball, 4M, EV 95.0 MPH)
Batting: RHB Kevin McKasson 0-0: Called Strike
0-1: Swinging Strike
0-2: SINGLE (Groundball, 4MD, EV 101.2 MPH)
Batting: RHB Carlos de Jesus 0-0: Swinging Strike
0-1: Ball
1-1: Called Strike
1-2: Strikes out swinging
Top of the 6th over - 0 runs, 1 hit, 0 errors, 1 left on base; Boise 1 - Hillsboro 3
BOTTOM OF THE 6TH
Hillsboro Hops batting - Pitching for Boise Hawks : LHP Josh Alvarez
Batting: SHB Johnny Diaz 0-0: Ball
1-0: Ball
2-0: Ball
3-0: Called Strike
3-1: Base on Balls
Batting: RHB T.J. Jordan 0-0: Swinging Strike
0-1: Called Strike
0-2: Ball
1-2: Ball
2-2: Foul Ball, location: 2F
2-2: Foul Ball, location: 2F
2-2: DOUBLE (Groundball, 5L, EV 111.9 MPH)
Johnny Diaz to third
Batting: RHB Jonathan Underhill 0-0: Called Strike
0-1: Ball
1-1: Foul Ball, location: 2F
1-2: 3-RUN HOME RUN (Flyball, 7D, EV 99.4 MPH), Distance : 402 ft
Batting: RHB Devon Fourcade 0-0: Called Strike
0-1: Ball
1-1: Ball
2-1: Ball
3-1: Foul Ball, location: 2F
3-2: Ground out 5-3 (Groundball, 56S, EV 67.5 MPH)
Batting: RHB Joe Stading 0-0: Ball
1-0: Ground out 4-3 (Groundball, 4, EV 86.2 MPH)
Batting: LHB Josh Kirk 0-0: Fly out, F8 (Line Drive, 8LM, EV 87.5 MPH)
Bottom of the 6th over - 3 runs, 2 hits, 0 errors, 0 left on base; Boise 1 - Hillsboro 6
TOP OF THE 7TH
Boise Hawks batting - Pitching for Hillsboro Hops : RHP Jose Rodas
Pitching: RHP Nick Garland
Batting: RHB Yamashita Yagi 0-0: Ball
1-0: Called Strike
1-1: Ball
2-1: Ball
3-1: SINGLE (Line Drive, 6MD, EV 97.5 MPH)
Batting: RHB Bob Hayes 0-0: Fly out, F9 (Flyball, 89M, EV 86.9 MPH)
Batting: SHB Clayton Saunders 0-0: Called Strike
0-1: Called Strike
0-2: Ball
1-2: Strikes out looking
Batting: SHB Justin Jackson 0-0: Called Strike
0-1: Called Strike
0-2: Ball
1-2: Foul Ball, location: 2F
1-2: Ground out 4-3 (Groundball, 4, EV 85.0 MPH)
Top of the 7th over - 0 runs, 1 hit, 0 errors, 1 left on base; Boise 1 - Hillsboro 6
BOTTOM OF THE 7TH
Hillsboro Hops batting - Pitching for Boise Hawks : LHP Josh Alvarez
Batting: RHB Dale Young 0-0: Ball
1-0: Ball
2-0: Ball
3-0: Called Strike
3-1: Called Strike
3-2: Strikes out swinging
Batting: LHB Erik Beezley 0-0: Foul Ball, location: 2F
0-1: Swinging Strike
0-2: Ball
1-2: Strikes out looking
Batting: RHB Nikita Schram 0-0: Ball
1-0: Ball
2-0: Ball
3-0: Called Strike
3-1: Base on Balls
Pitching: RHP Tanner Brazeal
Batting: SHB Johnny Diaz 0-0: Called Strike
0-1: Ball
1-1: Called Strike
1-2: SINGLE (Groundball, 34D, EV 110.6 MPH)
Nikita Schram to second
Throwing error, E9
Nikita Schram scores
Johnny Diaz to second
Batting: RHB T.J. Jordan 0-0: Ball
1-0: Ball
2-0: Ball
3-0: Called Strike
3-1: Foul Ball, location: 2F
3-2: Foul Ball, location: 2F
3-2: SINGLE (Groundball, 6D, EV 100.0 MPH)
Johnny Diaz to third
Runner from 3rd tries for Home, SAFE, throw by CF to home
Batting: RHB Jonathan Underhill 0-0: Called Strike
0-1: Ball
1-1: Foul Ball, location: 2F
1-2: Ball
2-2: Foul Ball, location: 2F
2-2: SINGLE (Groundball, 6MD, EV 97.5 MPH)
T.J. Jordan to second
Batting: RHB Devon Fourcade 0-0: Swinging Strike
0-1: Ball
1-1: Ball
2-1: Foul Ball, location: 2F
2-2: Ball
3-2: Foul Ball, location: 2F
3-2: Strikes out swinging
Bottom of the 7th over - 2 runs, 3 hits, 1 error, 2 left on base; Boise 1 - Hillsboro 8
TOP OF THE 8TH
Boise Hawks batting - Pitching for Hillsboro Hops : RHP Nick Garland
Batting: LHB Jason Ryan 0-0: Ball
1-0: Ball
2-0: Called Strike
2-1: Foul Ball, location: 2F
2-2: Ground out 4-3 (Groundball, 4, EV 103.1 MPH)
Batting: RHB Justin Garrett 0-0: Ball
1-0: Swinging Strike
1-1: Foul Ball, location: 2F
1-2: Foul Ball, location: 2F
1-2: Ball
2-2: Fly out, F9 (Flyball, 89S, EV 84.4 MPH)
Batting: RHB Manny Thompson 0-0: Called Strike
0-1: Called Strike
0-2: Strikes out swinging
Top of the 8th over - 0 runs, 0 hits, 0 errors, 0 left on base; Boise 1 - Hillsboro 8
BOTTOM OF THE 8TH
Hillsboro Hops batting - Pitching for Boise Hawks : RHP Tanner Brazeal
Pinch Hitting: SHB Conor Davies 0-0: Called Strike
0-1: Called Strike
0-2: Ball
1-2: SINGLE (Flyball, 8LM, EV 88.8 MPH)
Batting: LHB Josh Kirk 0-0: Called Strike
0-1: Ball
1-1: Ball
2-1: Ball
3-1: SINGLE (Line Drive, 78M, EV 108.1 MPH)
Conor Davies to second
Batting: RHB Dale Young 0-0: Ball
1-0: Foul Ball, location: 2F
1-1: Fly out, F7 (Flyball, 7, EV 88.8 MPH)
Batting: LHB Erik Beezley 0-0: Ball
1-0: Swinging Strike
1-1: Ball
2-1: Ball
3-1: Fielders Choice at 2nd, 4-6 (Groundball, 4, EV 93.1 MPH)
Conor Davies to third
Batting: RHB Nikita Schram 0-0: Foul Ball, location: 2F
0-1: SINGLE (Flyball, 89S, EV 100.0 MPH)
Conor Davies scores
Erik Beezley to second
Runner from 2nd tries for 3rd, SAFE, throw by RF made to third
Batting: SHB Johnny Diaz 0-0: Called Strike
0-1: Fielders Choice at 2nd, 6-4 (Groundball, 6, EV 85.6 MPH)
Bottom of the 8th over - 1 run, 3 hits, 0 errors, 2 left on base; Boise 1 - Hillsboro 9
TOP OF THE 9TH
Boise Hawks batting - Pitching for Hillsboro Hops : RHP Nick Garland
Now in RF: Conor Davies
Batting: RHB Kevin McKasson 0-0: Ball
1-0: Ball
2-0: Foul Ball, location: 2F
2-1: Ball
3-1: Ground out 6-3 (Groundball, 6MS, EV 85.6 MPH)
Batting: RHB Carlos de Jesus 0-0: Ball
1-0: Called Strike
1-1: Ball
2-1: Swinging Strike
2-2: Ground out U3 (Groundball, 34, EV 81.9 MPH)
Batting: RHB Yamashita Yagi 0-0: Ball
1-0: Called Strike
1-1: Swinging Strike
1-2: Foul Ball, location: 2F
1-2: Foul Ball, location: 2F
1-2: Ball
2-2: Ground out 6-3 (Groundball, 6, EV 86.9 MPH)
Top of the 9th over - 0 runs, 0 hits, 0 errors, 0 left on base; Boise 1 - Hillsboro 9
Sunday, July 16th , 2023 - OOTP Baseball 24.6 Build 69